 Dungeon Crawl Stone Soup version 0.28-a0-1365-g7e0445c96d (webtiles) character file.

Game seed: 7169497440753952474

57 Deminshera the Caller (level 4, -8/42 HPs)
             Began as an Ogre Summoner on Dec 31, 2021.
             Killed from afar by Sigmund (13 damage)
             ... with a puff of flame
             ... on level 2 of the Dungeon.
             The game lasted 00:04:01 (3569 turns).

Deminshera the Caller (Ogre Summoner)               Turns: 3569, Time: 00:04:02

Health: -8/42      AC:  3    Str: 12    XL:     4   Next: 0%
Magic:  3/8        EV:  9    Int: 18    God:
Gold:   82         SH:  0    Dex:  9    Spells: 3/9 levels left

rFire   . . .      SeeInvis .   c - +0 dagger (venom)
rCold   . . .      Faith    .   (no shield)
rNeg    . . .      Spirit   .   a - +0 robe
rPois   .          Reflect  .   (helmet restricted)
rElec   .          Harm     .   (no cloak)
rCorr   .          Rampage  .   (gloves unavailable)
Will    .....                   (boots unavailable)
Stlth   ++........              (no amulet)
HPRegen 0.14/turn               (no ring)
MPRegen 0.11/turn               (no ring)

@: no status effects
A: large, unfitting armour, tough skin 1
a: no special abilities


You were on level 2 of the Dungeon.
You visited 1 branch of the dungeon, and saw 2 of its levels.

You collected 82 gold pieces.

Inventory:

Hand Weapons
 c - a +0 dagger of venom (weapon)
Armour
 a - a +0 robe (worn)
Scrolls
 b - 2 scrolls of immolation {unknown}
 d - a scroll of teleportation {unknown}
 e - 3 scrolls of enchant armour {unknown}


   Skills:
 + Level 2.1 Fighting
 - Level 1.7 Dodging
 - Level 2.0 Stealth
 + Level 3.1 Spellcasting
 + Level 4.0 Summonings


You had 3 spell levels left.
You knew the following spells:

 Your Spells              Type           Power      Damage    Failure   Level
a - Summon Small Mammal   Summ           68%        N/A       3%          1
b - Call Imp              Summ           17%        N/A       4%          2
c - Call Canine Familiar  Summ           17%        N/A       10%         3

Your spell library contained the following spells:

 Spells                   Type           Power      Damage    Failure   Level
 Summon Guardian Golem    Hex/Summ       10%        N/A       22%         3
 Gell's Gravitas          Tloc           2%         N/A       43%         3
 Teleport Other           Tloc           2%         N/A       43%         3
 Summon Lightning Spire   Summ/Air       10%        N/A       56%         4
 Dispersal                Tloc           1%         N/A       100%        6


Dungeon Overview and Level Annotations

Branches:
Dungeon (2/15)

Altars:

Shops:
D:1 :

Annotations:
D:2 1 runed translucent door, Crazy Yiuf, Sigmund


Innate Abilities, Weirdness & Mutations

You are too large for most types of armour.
You have tough skin. (AC +1)


Message History

Orders for allies: a - Attack new target. p - Attack previous target. r - Retreat! s - Stop attacking. g - Guard the area. f - Follow me.
Anything else - Cancel.
Gang up on whom?
Press: ? - help, Dir - move target, f/p - Sigmund
Aim: Sigmund, wielding a +2 scythe of protection and wearing a +0 robe (blue smoke, heavily wounded, ally target) Attack!
Sigmund gestures at you while chanting. The puff of flame hits you.
Sigmund smiles chillingly.
Sigmund casts a spell at you. You resist with some effort.
Sigmund casts a spell at you. The magic dart hits you.
Your iron imp barely misses Sigmund.
Sigmund casts a spell at you. The magic dart hits you!
Your iron imp hits Sigmund but does no damage.
You are too injured to fight recklessly!
Your iron imp closely misses Sigmund.
Sigmund barely misses you.
You hit Sigmund.
Sigmund is poisoned.
Sigmund is heavily wounded.
Your iron imp hits Sigmund.
You completely miss Sigmund.
Sigmund is heavily wounded.
Sigmund hits you with a +2 scythe of protection.
Your iron imp hits Sigmund.
You closely miss Sigmund.
Sigmund is severely wounded.
Sigmund hits you with a +2 scythe of protection!
* * * LOW HITPOINT WARNING * * *
You hit Sigmund but do no damage.
Sigmund looks even sicker.
Sigmund is severely wounded.
Your iron imp hits Sigmund but does no damage.
You closely miss Sigmund.
Sigmund is severely wounded.
Sigmund points at you and mumbles some strange words.
The puff of flame hits you!
You die...

.#.........# .. ....###
.##.........#
.#####.#§.#....
..............
...............
.###.##........ ##...#
.###.##...(..##
####..#.# ..............
#...)## .#
#....#####.... ##.####
.. ........#.....###@5##
.. ..........#.....@...#
.. .........##.........#
. .÷..<..#.###........#
#####....# #........#
######...# ####..#.##
.........# #<##...
#######..### #.####...
...#....## #.# #....
#.........)###.#####....


You could see Sigmund (very poisoned, ally target) and a friendly iron imp
(summoned).

Vanquished Creatures
  An adder (D:2)
  A bat (D:1)
  2 endoplasms
  A giant cockroach (D:1)
  5 goblins
  3 hobgoblins
  A kobold (D:2)
  A quokka (D:1)
  2 ball pythons (D:2)
  2 frilled lizards (D:1)
  2 rats
21 creatures vanquished.

Vanquished Creatures (collateral kills)
  An adder (D:2)
  2 endoplasms
  A giant cockroach (D:1)
  A goblin (D:1)
  A hobgoblin (D:1)
  A quokka (D:1)
  3 bats (D:1)
  4 kobolds (D:1)
14 creatures vanquished.

Grand Total: 35 creatures vanquished

Notes
Turn   | Place    | Note
-------+----------+-------------------------------------------
     0 | D:1      | Deminshera the Ogre Summoner began the quest for the Orb.
     0 | D:1      | Reached XP level 1. HP: 16/16 MP: 3/3
   706 | D:1      | Reached XP level 2. HP: 22/26 MP: 3/5
  1241 | D:1      | Reached skill level 1 in Fighting
  1860 | D:1      | Learned a level 2 spell: Call Imp
  1861 | D:1      | Found a faded altar of an unknown god.
  2134 | D:1      | Reached XP level 3. HP: 20/33 MP: 2/7
  2565 | D:1      | Found Tiuserap's Book Boutique.
  2827 | D:1      | Learned a level 3 spell: Call Canine Familiar
  2927 | D:2      | Reached skill level 4 in Summonings
  3185 | D:2      | Found a runed translucent door.
  3186 | D:2      | Noticed Crazy Yiuf
  3528 | D:2      | Noticed Sigmund
  3538 | D:2      | Reached XP level 4. HP: 30/42 MP: 4/8
  3569 | D:2      | Killed from afar by Sigmund

Illustrated notes

Levels and vault maps discovered:
D:1:      dpeg_arrival_boxorama, layout_basic, serial_shops, shop,
          chequers_ecumenical_altar_simple_redux
D:2:      layout_rooms, uniq_sigmund, uniq_crazy_yiuf_cottage

Skill      XL: |  1  2  3 |
---------------+----------+-----
Fighting       | 1 2 |  2.1
Stealth        | 2 |  2.0
Spellcasting   | 3 |  3.1
Summonings     | 4 |  4.0
Dodging        | |  1.7

Action                   |  1- 3 |  4- 6 || total
-------------------------+-------+-------++-------
Melee: Unarmed           |   120 |       ||   120
       Dagger            |    33 |     5 ||    38
 Cast: Summon Small Mamm |    11 |       ||    11
       Call Imp          |     7 |     1 ||     8
       Call Canine Famil |     2 |     1 ||     3
 Stab: Sleeping          |     1 |       ||     1
       Distracted        |     1 |       ||     1
Armor: Robe              |    55 |       ||    55
Dodge: Dodged            |    84 |     1 ||    85

Table legend: (Time is in decaauts)
 A = Elapsed time spent in this place.
 B = Non-inter-level travel time spent in this place.
 C = Inter-level travel time spent in this place.
 D = Time resting spent in this place.
 E = Time spent auto-exploring this place.
 F = Levels seen in this place.
 G = Mean time per level.
                   A        B        C        D        E       F      G
               +--------+--------+--------+--------+--------+-----+--------+
         Total |   3568 |   3546 |     22 |   2239 |    958 |   2 | 1784.0 |
       Dungeon |   3568 |   3546 |     22 |   2239 |    958 |   2 | 1784.0 |
               +--------+--------+--------+--------+--------+-----+--------+

Top non-repeatable levels by time:
     D:1: 2850 daAuts
     D:2: 718 daAuts
